 Dungeon Crawl Stone Soup version 0.20-a0-949-g916514f (webtiles) character file.

23 M4edhros the Grave Robber (level 2, -4/17 HPs)
             Began as an Octopode Necromancer on Apr 3, 2017.
             Killed from afar by a dart slug (7 damage)
             ... with a slug dart
             ... on level 2 of the Dungeon.
             The game lasted 00:01:24 (321 turns).

M4edhros the Grave Robber (Octopode Necromancer)     Turns: 321, Time: 00:01:25

Health: -4/17      AC:  1    Str:  7    XL:     2   Next: 95%
Magic:  5/5        EV: 13    Int: 17    God:
Gold:   70         SH:  0    Dex: 12    Spells: 3/5 levels left

rFire    . . .     SeeInvis .     - Unarmed
rCold    . . .     Gourm    .   (no shield)
rNeg     . . .     Faith    .   (helmet restricted)
rPois    .         Spirit   .   (no amulet)
rElec    .         Reflect  .   (no ring)
rCorr    .         Harm     .   (no ring)
MR       .....                  (no ring)
Stlth    +++.......             (no ring)
Regen    0.1/turn               (no ring)
MPRegen  0.1/turn               (no ring)
                                (no ring)
                                (no ring)

@: lethally poisoned (-4 -> -12)
A: almost no armour, stealthy swim, amphibious, 8 rings, constrict 8, camouflage
1, gelatinous body 1
a: no special abilities


You were on level 2 of the Dungeon.
You were not hungry.

You visited 1 branch of the dungeon, and saw 2 of its levels.

You collected 70 gold pieces.

Inventory:

Armour
 d - a +0 buckler
Scrolls
 c - a scroll of teleportation {unknown}
 e - a scroll of enchant weapon {unknown}
 i - a scroll of immolation {unknown}
Potions
 g - a potion of haste {unknown}
Books
 a - a book of Necromancy

   Spells                             Type                      Level
   a - Pain                           Necromancy                   1
   b - Animate Skeleton               Necromancy                   1
   c - Vampiric Draining              Necromancy                   3
   d - Regeneration                   Charms/Necromancy            3
   e - Animate Dead                   Necromancy                   4
   f - Control Undead                 Necromancy                   4
Comestibles
 b - a bread ration
 f - 2 chunks of flesh
 h - a royal jelly


   Skills:
 - Level 2.0 Dodging
 - Level 2.6 Stealth
 + Level 2.4 Unarmed Combat
 - Level 2.0 Spellcasting
 - Level 4.0 Necromancy


You had 3 spell levels left.
You knew the following spells:

 Your Spells              Type           Power        Failure   Level  Hunger
a - Pain                  Necr           ###.         3%          1    #......
b - Animate Skeleton      Necr           N/A          3%          1    #......


Dungeon Overview and Level Annotations

Branches:
Dungeon (2/15)

Altars:


Innate Abilities, Weirdness & Mutations

You cannot wear most types of armour.
You are very stealthy in the water. (Stealth+)
You are amphibious.
You can wear up to eight rings at the same time.
You can use your tentacles to constrict eight enemies at once.
Your skin changes colour to match your surroundings (Stealth+).
Your rubbery body absorbs attacks. (AC +1, EV +1)


Message History

The dart slug barely misses you.
You tentacle-slap the adder. Your grab misses the adder.
The adder is heavily wounded.
You constrict the dart slug. The adder closely misses you. x2
The dart slug closely misses you.
A jackal comes into view.
You closely miss the adder.
The jackal barks!
Your grab misses the adder.
The adder is heavily wounded.
You constrict the dart slug. The adder closely misses you.
You closely miss the adder. You grab the adder. Your squeeze misses the adder.
The adder is heavily wounded.
You constrict the adder. You constrict the dart slug. The adder bites you.
* * * LOW HITPOINT WARNING * * *
You are lethally poisoned!
The adder poisons you! The dart slug launches a dart at you.
The slug dart hits you!
You die...

#.# .% #.##
).######..##
#..........##
#.#......>..##
#.........<..#
#..........#..#
#.........#
....
#....@S...#
....
#...w....h# ...
#..........h..
..
#..........#..
$ #........!.#
.>
#............ .
#.........##%.
##.......## ..


You could see an adder, a dart slug and 2 jackals.

Vanquished Creatures
  A gnoll (D:1)
  A dart slug (D:1)
  A leopard gecko (D:1)
  2 goblins (D:1)
  A kobold (D:1)
  A rat (D:1)
7 creatures vanquished.

Vanquished Creatures (collateral kills)
  A leopard gecko (D:1)
  A giant cockroach (D:1)
  A kobold (D:1)
  A frilled lizard (D:1)
  A rat (D:1)
5 creatures vanquished.

Grand Total: 12 creatures vanquished

Notes
Turn   | Place    | Note
-------+----------+-------------------------------------------
     0 | D:1      | M4edhros the Octopode Necromancer began the quest for the Orb.
     0 | D:1      | Reached XP level 1. HP: 11/11 MP: 3/3
    78 | D:1      | Reached skill level 1 in Unarmed Combat
    78 | D:1      | Reached XP level 2. HP: 2/17 MP: 0/5
    82 | D:1      | Learned a level 1 spell: Animate Skeleton
   321 | D:2      | Killed from afar by a dart slug

Vault maps used:
D:1:      matt_arrival_diagonals
D:2:      first_bread

Skill      XL: |  1  2 |
---------------+-------+-----
Unarmed Combat | 1 2 |  2.4
Dodging        | |  2.0
Stealth        | |  2.6
Spellcasting   | |  2.0
Necromancy     | |  4.0

Action                   || total
-------------------------++-------
Melee: Unarmed           ||    15
       Constrict         ||     5
       Tentacles         ||     1
 Cast: Pain              ||     7
       Animate Skeleton  ||     2
 Stab: Sleeping          ||     1
Dodge: Dodged            ||    11
